 Dungeon Crawl Stone Soup version 0.30-a0-457-g4b7bca3bfa (webtiles) character file.

Game seed: 10417575825098108398

185 night the Vexing (level 5, -1/41 HPs)
             Began as a Gnoll Hexslinger on Dec 13, 2022.
             Killed from afar by a white imp (6 damage)
             ... with a puff of frost
             ... on level 4 of the Dungeon.
             The game lasted 00:05:18 (2439 turns).

night the Vexing (Gnoll Hexslinger)                 Turns: 2439, Time: 00:05:18

Health: -1/41      AC:  2    Str: 10    XL:     5   Next: 64%
Magic:  4/9        EV: 13    Int: 14    God:
Gold:   103        SH:  0    Dex: 12    Spells: 6/10 levels left

rFire   . . .      SeeInvis .    a - +1 sling
rCold   . . .      Faith    .    (no shield)
rNeg    . . .      Spirit   .    c - +0 robe
rPois   .          Reflect  .    (no helmet)
rElec   .          Harm     .    (no cloak)
rCorr   .          Rampage  .    (no gloves)
Will    +....                    (no boots)
Stlth   ++........               (no amulet)
HPRegen 0.26/turn                m - ring of willpower
MPRegen 0.11/turn                n - ring of wizardry

@: no status effects
A: fangs 1, strong nose, distributed training
a: no special abilities


You were on level 4 of the Dungeon.
You visited 1 branch of the dungeon, and saw 4 of its levels.

You collected 103 gold pieces.

Inventory:

Hand Weapons
 a - a +1 sling (weapon)
Missiles
 e - 42 stones
 g - 5 poisoned darts
Armour
 c - a +0 robe (worn)
Jewellery
 m - a ring of willpower (left hand)
 n - a ring of wizardry (right hand)
Scrolls
 b - 2 scrolls of poison
 d - 2 scrolls of teleportation {unknown}
 f - a scroll of torment {unknown}
 i - a scroll of magic mapping {unknown}
 j - 4 scrolls of enchant weapon {unknown}
 k - a scroll of fear {unknown}
 l - 3 scrolls of blinking {unknown}
 o - 2 scrolls of identify {unknown}
 p - a scroll of vulnerability {unknown}
 r - a scroll of immolation {unknown}
Potions
 h - 2 potions of flight {unknown}
 q - a potion of curing
 s - a potion of berserk rage {unknown}


   Skills:
 + Level 3.1 Fighting
 + Level 1.6 Short Blades
 + Level 1.6 Long Blades
 + Level 1.6 Axes
 + Level 1.6 Maces & Flails
 + Level 1.6 Polearms
 + Level 1.6 Staves
 + Level 4.8 Ranged Weapons
 + Level 1.6 Throwing
 + Level 1.6 Armour
 + Level 4.8 Dodging
 + Level 1.6 Stealth
 + Level 1.6 Shields
 + Level 1.6 Unarmed Combat
 + Level 3.2 Spellcasting
 + Level 1.3 Conjurations
 + Level 5.6 Hexes
 + Level 1.3 Summonings
 + Level 1.3 Necromancy
 + Level 1.3 Translocations
 + Level 1.3 Transmutations
 + Level 1.3 Fire Magic
 + Level 1.3 Ice Magic
 + Level 1.3 Air Magic
 + Level 1.3 Earth Magic
 + Level 1.3 Poison Magic
 + Level 1.9 Invocations
 + Level 1.6 Evocations


You had 6 spell levels left.
You knew the following spells:

 Your Spells              Type           Power      Damage    Failure   Level
a - Slow                  Hex            72%        N/A       1%          1
b - Inner Flame           Hex/Fire       12%        N/A       6%          3

Your spell library contained the following spells:

 Spells                   Type           Power      Damage    Failure   Level
 Freeze                   Ice            24%        1d4       4%          1
 Portal Projectile        Hex/Tloc       24%        N/A       6%          3
 Blink                    Tloc           12%        N/A       8%          2
 Momentum Strike          Conj/Tloc      12%        3d8       8%          2
 Static Discharge         Conj/Air       12%        2-3/arc   8%          2
 Cause Fear               Hex            9%         N/A       9%          4
 Frozen Ramparts          Ice            12%        1d2       16%         3
 Hailstorm                Conj/Ice       6%         3d4       16%         3
 Lesser Beckoning         Tloc           12%        N/A       16%         3
 Vhi's Electric Charge    Tloc/Air       12%        N/A       16%         3
 Animate Dead             Necr           6%         N/A       43%         4
 Ice Form                 Ice/Tmut       6%         N/A       43%         4
 Summon Ice Beast         Ice/Summ       6%         N/A       43%         4
 Arcjolt                  Conj/Air       3%         1d13      77%         5
 Lightning Bolt           Conj/Air       3%         1d14      77%         5
 Haunt                    Necr/Summ      3%         N/A       100%        7
 Infestation              Necr           3%         N/A       100%        8


Dungeon Overview and Level Annotations

Branches:
Dungeon (4/15)
 Temple: D:4-7

Altars:

Shops:
D:3 ?

Annotations:
D:4 1 transporter, Menkaure; Xtruder99's ghost, amateur GnFi


Innate Abilities, Weirdness & Mutations

You have very sharp teeth.
Your uncanny sense of smell can sniff out nearby items.
Your experience applies equally to all skills.


Message History

Menkaure seems to speed up.
You shoot a sling bullet. The sling bullet hits the ball python!
The ball python explodes!
The fiery explosion engulfs the jackal!!!
You kill the jackal!
You hear a shout!
Menkaure calls on the powers of darkness!
The jackal convulses! x2; Your body is wracked with pain!
You shoot a sling bullet. The sling bullet hits the jackal.
You kill the jackal!
You shoot a sling bullet. The sling bullet hits the jackal.
The jackal is severely wounded.
You shoot a sling bullet.
The sling bullet barely misses the jackal.
Menkaure gestures at you while chanting.
You resist with some effort.
You shoot a sling bullet.
The sling bullet barely misses the jackal.
You hear a shout!
Menkaure calls on the powers of darkness!
Your body is wracked with pain!
You are too injured to fight recklessly!
A white imp comes into view.
The white imp shouts, "Scamper away, thou gleeking beetle-headed gonus!"
Menkaure gestures at you while chanting.
Pain shoots through your body!
* * * LOW HITPOINT WARNING * * *
The white imp gestures at you. The puff of frost hits you.
* * * LOW HITPOINT WARNING * * *
Casting: Inner Flame (dangerous; 6% risk of failure)
Confirm with . or Enter, or press ? or * to list all spells.
Aiming: Inner Flame (dangerous; 6% risk of failure)
Press: ? - help, Dir - move target, f/p - jackal
Aim: a jackal (heavily wounded, chance to affect: 79%)
The jackal is filled with an inner flame.
The white imp grins evilly.
The white imp gestures at you. The puff of frost hits you.
You die...

#..# .. . ..#.. ##.##
#####....#.. .
#..###..........# .. ..
##..........# ..# .##...
#..........# #.## ..#...
##...##.....###..###M.....
#........#.........§.†....
#....#......##5h...M......
##...#......@...#.........
####....##....###..#h....
#.>...####..##...## ..#
###.### #.#####.. # ###
### .... ..... #....#.
....#### #..##


You could see Menkaure (fast), a white imp and a jackal (inner flame).

Vanquished Creatures
  Pargi (D:3)
  Terence (D:2)
  An ufetubus (D:3)
  A worm (D:2)
  A dart slug (D:3)
  An orc (D:3)
  7 endoplasms
  6 giant cockroaches
  2 hobgoblins
  5 jackals
  2 quokkas
  4 ball pythons
  5 bats
  3 frilled lizards
  5 goblins
  4 kobolds
  3 rats
52 creatures vanquished.

Vanquished Creatures (others)
  2 plants (D:3)
2 creatures vanquished.

Grand Total: 54 creatures vanquished

Notes
Turn   | Place    | Note
-------+----------+-------------------------------------------
     0 | D:1      | night the Gnoll Hexslinger began the quest for the Orb.
     0 | D:1      | Reached XP level 1. HP: 17/17 MP: 4/4
   161 | D:1      | Reached XP level 2. HP: 23/23 MP: 5/5
   939 | D:2      | Reached XP level 3. HP: 28/28 MP: 7/7
   943 | D:2      | Learned a level 3 spell: Inner Flame
  1359 | D:2      | Reached skill level 1 in Invocations
  1406 | D:2      | Noticed Terence
  1412 | D:2      | Killed Terence
  1413 | D:2      | Reached skill level 1 in Short Blades
  1413 | D:2      | Reached skill level 1 in Long Blades
  1413 | D:2      | Reached skill level 1 in Axes
  1413 | D:2      | Reached skill level 1 in Maces & Flails
  1413 | D:2      | Reached skill level 1 in Polearms
  1413 | D:2      | Reached skill level 1 in Staves
  1413 | D:2      | Reached skill level 1 in Throwing
  1413 | D:2      | Reached skill level 1 in Armour
  1413 | D:2      | Reached skill level 1 in Stealth
  1413 | D:2      | Reached skill level 1 in Shields
  1413 | D:2      | Reached skill level 1 in Unarmed Combat
  1413 | D:2      | Reached skill level 1 in Evocations
  1413 | D:2      | Reached XP level 4. HP: 34/34 MP: 4/8
  1579 | D:3      | Noticed Pargi
  1639 | D:3      | Killed Pargi
  1640 | D:3      | Reached skill level 1 in Conjurations
  1640 | D:3      | Reached skill level 1 in Summonings
  1640 | D:3      | Reached skill level 1 in Necromancy
  1640 | D:3      | Reached skill level 1 in Translocations
  1640 | D:3      | Reached skill level 1 in Transmutations
  1640 | D:3      | Reached skill level 1 in Fire Magic
  1640 | D:3      | Reached skill level 1 in Ice Magic
  1640 | D:3      | Reached skill level 1 in Air Magic
  1640 | D:3      | Reached skill level 1 in Earth Magic
  1640 | D:3      | Reached skill level 1 in Poison Magic
  1640 | D:3      | Reached XP level 5. HP: 40/41 MP: 5/9
  1688 | D:3      | Found Foaco's Magic Scroll Emporium.
  2007 | D:3      | Found a faded altar of an unknown god.
  2377 | D:4      | Found a transporter.
  2386 | D:4      | Noticed Xtruder99's ghost (amateur GnFi)
  2424 | D:4      | Noticed Menkaure
  2436 | D:4      | HP: 5/41 [white imp/puff of frost (6)]
  2439 | D:4      | Killed from afar by a white imp

Illustrated notes

Levels and vault maps discovered:
D:1:      minmay_arrival_wavy_path, layout_basic, minivault_4,
          chequers_serial_rivers_large_a
D:2:      layout_basic, uniq_terence
D:3:      layout_rooms, chequers_ecumenical_altar_lobes, serial_shops, shop,
          uniq_pargi
D:4:      layout_cave_pools, minmay_overflow_temple_star_hex,
          minmay_temple_entry_slanted, gammafunk_ghost_stat_death,
          uniq_menkaure, uniq_crazy_yiuf_cottage

Skill      XL: |  1  2  3  4 |
---------------+-------------+-----
Invocations    | 1 |  1.9
Short Blades   | 1 |  1.6
Long Blades    | 1 |  1.6
Axes           | 1 |  1.6
Maces & Flails | 1 |  1.6
Polearms       | 1 |  1.6
Staves         | 1 |  1.6
Throwing       | 1 |  1.6
Armour         | 1 |  1.6
Stealth        | 1 |  1.6
Shields        | 1 |  1.6
Unarmed Combat | 1 |  1.6
Evocations     | 1 |  1.6
Fighting       | 3 |  3.1
Spellcasting   | 3 |  3.2
Conjurations   | 1 |  1.3
Summonings     | 1 |  1.3
Necromancy     | 1 |  1.3
Translocations | 1 |  1.3
Transmutations | 1 |  1.3
Fire Magic     | 1 |  1.3
Ice Magic      | 1 |  1.3
Air Magic      | 1 |  1.3
Earth Magic    | 1 |  1.3
Poison Magic   | 1 |  1.3
Ranged Weapons | |  4.8
Dodging        | |  4.8
Hexes          | |  5.6

Action                   |  1- 3 |  4- 6 || total
-------------------------+-------+-------++-------
 Fire: Sling             |    79 |    82 ||   161
 Cast: Inner Flame       |     3 |     9 ||    12
Armor: Robe              |     4 |    12 ||    16
Dodge: Dodged            |     6 |    58 ||    64

Table legend: (Time is in decaauts)
 A = Elapsed time spent in this place.
 B = Non-inter-level travel time spent in this place.
 C = Inter-level travel time spent in this place.
 D = Time resting spent in this place.
 E = Time spent auto-exploring this place.
 F = Levels seen in this place.
 G = Mean time per level.
                   A        B        C        D        E       F      G
               +--------+--------+--------+--------+--------+-----+--------+
         Total |   2470 |   2446 |     24 |    189 |   1931 |   4 |  617.5 |
       Dungeon |   2470 |   2446 |     24 |    189 |   1931 |   4 |  617.5 |
               +--------+--------+--------+--------+--------+-----+--------+

Top non-repeatable levels by time:
     D:2: 870 daAuts
     D:1: 775 daAuts
     D:3: 716 daAuts
     D:4: 107 daAuts
